 Dungeon Crawl Stone Soup version 0.32-a0-928-g1cae6b7ea0 (webtiles) character file.

Game seed: 137742192909408088

413 Autsider the Apothecary (level 6, -21/47 HPs)
             Began as a Demonspawn Alchemist on Apr 12, 2024.
             Demolished by an ogre
             ... wielding a +0 giant club
              (23 damage)
             ... on level 4 of the Dungeon.
             The game lasted 00:08:43 (4314 turns).

Autsider the Apothecary (Demonspawn Alchemist)      Turns: 4314, Time: 00:08:43

Health: -21/47     AC:  5    Str:  8    XL:     6   Next: 59%
Magic:  2/9        EV: 11    Int: 24    God:
Gold:   285        SH:  0    Dex: 13    Spells: 0/9 levels left

rFire   . . .        i - staff of alchemy
rCold   . . .        (no shield)
rNeg    . . .        a - +0 robe
rPois   +            (no helmet)
rElec   .            (no cloak)
rCorr   .            (no gloves)
SInv    .            (no boots)
Will    .....        m - amulet of regeneration
Stlth   ++           p - +6 ring of intelligence
HPRegen 1.07/turn    s - ring of flight
MPRegen 0.11/turn

%: no passive effects
@: lethally poisoned (-21 -> -22), flying, very slightly contaminated
A: yellow scales 2, demonic touch 2
a: no special abilities


You were on level 4 of the Dungeon.
You visited 1 branch of the dungeon, and saw 4 of its levels.

You collected 285 gold pieces.

Inventory:

Missiles
 h - 4 curare-tipped darts
 q - 5 datura-tipped darts
Armour
 a - a +0 robe (worn)
Magical Staves
 f - a staff of conjuration
 i - a staff of alchemy (weapon)
Jewellery
 m - an amulet of regeneration (around neck)
 p - a +6 ring of intelligence (left hand)
 s - a ring of flight (right hand)
Wands
 r - a wand of paralysis (9)
Scrolls
 c - a scroll of immolation {unknown}
 e - 4 scrolls of identify {unknown}
 j - a scroll of noise {unknown}
 k - 2 scrolls of teleportation {unknown}
 n - a scroll of vulnerability {unknown}
 o - a scroll of blinking {unknown}
 t - a scroll of enchant weapon {unknown}
 u - a scroll of amnesia {unknown}
Potions
 b - a potion of magic
 d - a potion of might {unknown}
 g - a potion of degeneration {unknown}
 l - 2 potions of curing {unknown}
 v - a potion of resistance {unknown}
 w - 2 potions of heal wounds {unknown}


   Skills:
 + Level 3.5 Fighting
 - Level 1.7 Dodging
 - Level 1.7 Stealth
 - Level 2.0 Spellcasting
 - Level 1.0 Conjurations
 + Level 2.4 Fire Magic
 * Level 5.7 Alchemy


You couldn't memorise any spells.
You knew the following spells:

 Your Spells              Type           Power      Damage    Failure   Level
a - Sting                 Conj/Alch      100%       1d9       3%          1
b - Olgreb's Toxic Radia  Alch           44%        N/A       12%         4
c - Sticky Flame          Fire/Alch      33%        2d7       22%         4

Your spell library contained the following spells:

 Spells                   Type           Power      Damage    Failure   Level
 Mercury Vapours          Alch/Air       48%        N/A       5%          2
 Kiss of Death            Conj/Necr      16%        2d6       10%         1
 Apportation              Tloc           4%         N/A       12%         1
 Necrotise                Necr           8%         1d4       12%         1
 Slow                     Hex            8%         N/A       12%         1
 Summon Small Mammal      Summ           8%         N/A       12%         1
 Mephitic Cloud           Conj/Alch/Air  19%        N/A       14%         3
 Hailstorm                Conj/Ice       4%         3d5       28%         3
 Confusing Touch          Hex            2%         N/A       34%         3
 Summon Ice Beast         Ice/Summ       2%         N/A       34%         3
 Vampiric Draining        Necr           2%         2d6       34%         3
 Dispel Undead            Necr           2%         3d7       75%         4
 Freezing Cloud           Conj/Ice/Air   2%         6-21      96%         5
 Sculpt Simulacrum        Ice/Alch       12%        N/A       99%         6
 Permafrost Eruption      Ice/Erth       1%         2x4d1     100%        6


Dungeon Overview and Level Annotations

Branches:
Dungeon (4/15)
 Temple: D:4-7

Altars:
Kikubaaqudgha
Trog

Annotations:
D:2 1 runed translucent door, Crazy Yiuf, Sigmund


Innate Abilities, Weirdness & Mutations

You are mostly covered in yellow scales. (AC +3)
Your touch may inflict irresistible damage on your foes.


Message History

You feel a surge of power!
You miscast Olgreb's Toxic Radiance.
You are very lightly contaminated with residual magic.
You are engulfed in toxic fumes.
You are poisoned.
You feel very sick.
An ogre is nearby!
Casting: Olgreb's Toxic Radiance (quite dangerous; 12% risk of failure)
Confirm with . or Enter, or press ? or * to list all spells.
Aiming: Sting (safe; 3% risk of failure)
Press: ? - help, Shift-Dir - straight line, f - ogre
Aim: an ogre, wielding a +0 giant club (89% to hit)
You feel a surge of power!
The sting hits the ogre!
The ogre is poisoned.
The ogre is moderately wounded.
You feel very sick. The ogre barely misses you.
Casting: Sting (safe; 3% risk of failure)
Confirm with . or Enter, or press ? or * to list all spells.
Aiming: Sting (safe; 3% risk of failure)
Press: ? - help, Shift-Dir - straight line, f/p - ogre
Aim: an ogre, wielding a +0 giant club (moderately wounded, poisoned, 89% to hit)
You feel a surge of power!
The sting hits the ogre but does no damage.
The ogre looks even sicker.
The ogre is moderately wounded.
You feel very sick.
Casting: Sting (safe; 3% risk of failure)
Confirm with . or Enter, or press ? or * to list all spells.
Aiming: Sting (safe; 3% risk of failure)
Press: ? - help, Shift-Dir - straight line, f/p - ogre
Aim: an ogre, wielding a +0 giant club (moderately wounded, very poisoned, 89% to hit)
You feel a surge of power!
The sting hits the ogre.
The ogre looks even sicker.
The ogre is heavily wounded.
You feel sick.
The ogre hits you with a +0 giant club!!
Ouch! That really hurt!
* * * LOW HITPOINT WARNING * * *
* * * LOW HITPOINT WARNING * * *
You feel sick. The ogre attacks as it pursues you!
The ogre hits you with a +0 giant club!!
You die...

############
#..........####
##.########..O.#
#..##.......@#.#
####.###........#.#
#....# #...[....#.#
##.####
#........#.# ...#
#........#.# .####
##...#####.# ....#
#..#.# .#
###.#####.##.# #.#
#.......##.# #.#


You could see an ogre (very poisoned).

Vanquished Creatures
  2 ogres (D:4)
  A scorpion (D:4)
  2 jellies (D:4)
  Robin (D:4)
  3 adders
  2 ribbon worms
  3 dart slugs
  4 orcs (D:3)
  2 bats
  5 endoplasms
  14 goblins
  9 hobgoblins
  4 jackals (D:2)
  4 quokkas
  9 ball pythons
  7 frilled lizards
  5 kobolds
  4 rats
81 creatures vanquished.

Notes
Turn   | Place    | Note
-------+----------+-------------------------------------------
     0 | D:1      | Autsider the Demonspawn Alchemist began the quest for the
                  | Orb.
     0 | D:1      | Reached XP level 1. HP: 13/13 MP: 3/3
   291 | D:1      | Reached skill level 1 in Fighting
   326 | D:1      | Gained mutation: Your touch may inflict minor irresistible
                  | damage on your foes. [demonic ancestry]
   326 | D:1      | Reached XP level 2. HP: 21/21 MP: 1/5
  1270 | D:2      | Found a runed translucent door.
  1271 | D:2      | Noticed Crazy Yiuf
  1471 | D:2      | Gained mutation: Your touch may inflict irresistible damage
                  | on your foes. [demonic ancestry]
  1471 | D:2      | Reached XP level 3. HP: 10/27 MP: 2/6
  1553 | D:2      | Noticed Sigmund
  2499 | D:3      | Reached skill level 4 in Alchemy
  2791 | D:3      | Gained mutation: You are partially covered in yellow
                  | scales. (AC +2) [demonic ancestry]
  2791 | D:3      | Reached XP level 4. HP: 33/33 MP: 1/7
  3131 | D:3      | Reached skill level 1 in Fire Magic
  3489 | D:3      | Found a bloodstained altar of Trog.
  3517 | D:4      | Noticed an ogre
  3527 | D:4      | Killed an ogre
  3528 | D:4      | Reached XP level 5. HP: 40/40 MP: 1/8
  3534 | D:4      | Learned a level 4 spell: Olgreb's Toxic Radiance
  3645 | D:4      | Reached skill level 5 in Alchemy
  3696 | D:4      | Noticed an ogre
  3711 | D:4      | Killed an ogre
  3712 | D:4      | Gained mutation: You are mostly covered in yellow scales.
                  | (AC +3) [demonic ancestry]
  3712 | D:4      | Reached XP level 6. HP: 47/47 MP: 0/9
  3717 | D:4      | Learned a level 4 spell: Sticky Flame
  3998 | D:4      | Found an ancient bone altar of Kikubaaqudgha.
  4001 | D:4      | Noticed Robin
  4020 | D:4      | Killed Robin
  4314 | D:4      | HP: 2/47 [poison]
  4314 | D:4      | Demolished by an ogre

Illustrated notes

Levels and vault maps discovered:
D:1:      elethiomel_arrival_shortcut, layout_basic, nrook_mini_backslash,
          nicolae_the_louvre
D:2:      minmay_evil_eye, layout_loops_ring, serial_forest,
          infiniplex_forest_side_room, infiniplex_forest_clump_double,
          infiniplex_forest_end_2, infiniplex_forest_straight_4,
          infiniplex_forest_lined_3, infiniplex_forest_clump_long, uniq_sigmund,
          uniq_crazy_yiuf_cottage
D:3:      layout_basic, trog_book
D:4:      layout_rooms, amcnicky_altar_gilded, uniq_robin

Skill      XL: |  1  2  3  4  5 |
---------------+----------------+-----
Fighting       | 1 2 3 |  3.5
Alchemy        | 4 5 |  5.7
Fire Magic     | 1 2 |  2.4
Dodging        | |  1.7
Stealth        | |  1.7
Spellcasting   | |  2.0
Conjurations   | |  1.0

Action                     |  1- 3 |  4- 6 || total
---------------------------+-------+-------++-------
  Melee: Dagger            |     4 |       ||     4
         Unarmed           |     2 |       ||     2
         Staff             |    56 |    24 ||    80
         Touch             |     8 |     2 ||    10
   Cast: Sting             |    67 |    47 ||   114
         Olgreb's Toxic Ra |       |     3 ||     3
   Stab: Sleeping          |     1 |       ||     1
 Armour: Robe              |    55 |    19 ||    74
  Dodge: Dodged            |    52 |    22 ||    74

Table legend: (Time is in decaauts)
 A = Elapsed time spent in this place.
 B = Non-inter-level travel time spent in this place.
 C = Inter-level travel time spent in this place.
 D = Time resting spent in this place.
 E = Time spent auto-exploring this place.
 F = Levels seen in this place.
 G = Mean time per level.
                   A        B        C        D        E       F      G
               +--------+--------+--------+--------+--------+-----+--------+
         Total |   4326 |   4149 |    177 |     29 |   3539 |   4 | 1081.5 |
       Dungeon |   4326 |   4149 |    177 |     29 |   3539 |   4 | 1081.5 |
               +--------+--------+--------+--------+--------+-----+--------+

Top non-repeatable levels by time:
     D:2: 1344 daAuts
     D:1: 1109 daAuts
     D:3: 1060 daAuts
     D:4: 811 daAuts
